Map: Deathaura LE

Players

LiquidClem (Clem)

  • Race: Terran Terran
  • League: Master
  • Spawn Location: 11:00

Serral - Winner!

  • Race: Zerg Zerg
  • League: Grandmaster
  • Spawn Location: 5:00

Event: DreamHack SC2 Masters 2020 Fall

VOD

Have the link to the VOD?

Description

Time

  • Played on: Sept. 19, 2020, 1:46 p.m.
  • Length: 16:11

All games in this series

Show
View Real Time Build Order
Export as new Build Order

LiquidClem Terran 

Build Orders: Reaper Expand, Hellion Banshee 

Get SALT Encoding   

  12  0:00  SCV  
  13  0:12  SCV  
  14  0:16  Supply Depot  
  14  0:24  SCV  
  15  0:38  SCV  
  15  0:39  Barracks  
  16  0:43  Refinery  
  16  0:50  SCV  
  17  1:02  SCV  
  18  1:14  SCV  
  19  1:26  Reaper  
  19  1:27  Orbital Command  
  20  1:39  Command Center  
  20  1:46  Supply Depot  
  20  1:52  SCV  
  21  1:58  Marine  
  22  2:04  SCV  
  23  2:10  Factory  
  23  2:16  SCV  
  23  2:17  Refinery  
  23  2:20  Barracks Reactor  
  24  2:28  SCV  
  25  2:40  SCV  
  26  2:50  Orbital Command  
  25  2:52  SCV  
  25  2:55  Starport  
  26  3:00  Hellion x2  
  26  3:04  SCV  
  31  3:06  Barracks Tech Lab  
  31  3:16  SCV x2  
  33  3:22  Hellion, Supply Depot  
  33  3:23  Hellion  
  37  3:28  SCV  
  37  3:29  SCV  
  39  3:37  Banshee  
  39  3:39  Cloaking Field  
  39  3:40  SCV  
  39  3:41  SCV  
  42  3:43  Barracks Tech Lab  
  41  3:52  SCV  
  41  3:53  Hellion, SCV  
  41  3:54  Hellion  
  47  3:59  Supply Depot  
  47  4:04  Stimpack  
  47  4:05  SCV x2  
  49  4:17  Armory  
  49  4:18  Hellion x2  
  49  4:22  Supply Depot  
  49  4:23  SCV x2  
  55  4:32  Banshee  
  55  4:35  SCV x2  
  60  4:47  SCV  
  60  4:49  SCV  
  62  4:53  Command Center  
  62  4:55  Barracks x2  
  62  4:56  Factory Reactor  
  62  4:57  Marine  
  62  4:59  SCV  
  64  5:01  SCV  
  64  5:04  Supply Depot  
  65  5:12  Engineering Bay x2, SCV  
  66  5:14  Marine  
  66  5:16  SCV  
  66  5:18  Refinery  
  66  5:21  Refinery  
  68  5:24  SCV  
  68  5:28  SCV  
  70  5:30  Starport Reactor, Supply Depot  
  70  5:36  SCV, Marine  
  70  5:37  Supply Depot  
  70  5:38  Terran Infantry Armor Level 1, Terran Infantry Weapons Level 1  
  70  5:40  SCV  
  71  5:46  Marine x2  
  71  5:47  Siege Tank  
  71  5:48  SCV  
  77  5:53  Marine  
  77  5:54  SCV  
  77  5:55  Marine x2  
  81  6:04  Marine x2  
  81  6:06  Combat Shield, SCV  
  81  6:08  Medivac x2  
  88  6:11  Orbital Command, Marine  
  88  6:15  Marine  
  88  6:16  Marine  
  88  6:19  SCV x2  
  88  6:22  Marine x2  
  85  6:29  Marine  
  85  6:30  Siege Tank  
  85  6:31  SCV  
  89  6:32  SCV  
  89  6:33  Marine  
  89  6:37  Orbital Command  
  86  6:43  Barracks, SCV  
  86  6:44  Barracks, Marine x2  
  86  6:45  SCV  
  82  6:47  Marine  
  82  6:53  Marine  
  84  6:55  SCV  
  84  6:57  SCV  
  84  6:59  Supply Depot, Marine  
  87  7:02  Siege Tank  
  87  7:03  SCV, Marine x2  
  87  7:07  SCV  
  94  7:09  SCV  
  94  7:13  Medivac x2  
  94  7:15  SCV  
  100  7:16  Armory  
  100  7:17  Marine  
  100  7:18  Marine x2  
  100  7:19  SCV  
  104  7:23  SCV  
  104  7:26  Marine  
  104  7:27  SCV  
  104  7:29  Marine  
  108  7:33  SCV  
  108  7:35  SCV, Marine  
  108  7:36  Supply Depot  
  111  7:37  Barracks Reactor x2  
  111  7:38  Siege Tank  
  111  7:39  SCV  
  114  7:44  Marine  
  114  7:45  SCV  
  114  7:47  SCV  
  114  7:49  Supply Depot  
  117  7:57  Refinery, Marine x4  
  117  7:58  SCV x2  
  123  7:59  SCV  
  123  8:02  Marine  
  125  8:06  Bunker, Command Center  
  125  8:10  SCV x2  
  127  8:13  Medivac x2  
  127  8:15  Marine x4  
  127  8:16  Marine x3  
  127  8:17  Supply Depot, Marine  
  139  8:23  Marine  
  139  8:25  Siege Tank  
  139  8:26  SCV x2  
  131  8:27  SCV  
  131  8:33  Marine x3  
  135  8:34  Terran Infantry Weapons Level 2  
  135  8:38  SCV  
  135  8:41  Terran Infantry Armor Level 2  
  135  8:43  SCV x2  
  135  8:47  Marine x3  
  140  8:50  Marine  
  141  8:56  Marine  
  141  9:01  Supply Depot  
  141  9:02  Siege Tank, Supply Depot  
  146  9:03  Marine x2  
  146  9:04  Refinery, Marine  
  146  9:05  Marine x2  
  146  9:09  Marine  
  149  9:11  Missile Turret, Marine x2  
  149  9:14  Marine  
  149  9:15  SCV  
  149  9:21  Medivac, Marine x3  
  154  9:24  Medivac, Marine  
  154  9:28  Marine x2  
  159  9:32  Marine  
  159  9:34  Marine  
  161  9:40  Siege Tank, Marine  
  161  9:44  Marine  
  166  9:49  Marine x2  
  166  9:51  Medivac  
  168  9:53  Marine  
  168  9:54  Missile Turret  
  168  9:57  Planetary Fortress  
  168  9:58  Missile Turret  
  168  10:00  SCV  
  168  10:01  SCV  
  168  10:03  SCV  
  171  10:10  Missile Turret x2  
  171  10:11  Marine x3  
  171  10:12  Thor  
  171  10:13  Marine  
  180  10:19  Factory  
  180  10:21  Supply Depot  
  180  10:23  SCV, Marine x3  
  180  10:24  Marine  
  180  10:27  Medivac  
  187  10:29  Marine  
  188  10:39  Marine x2  
  188  10:40  SCV, Marine  
  188  10:41  Medivac  
  184  10:43  Marine x2  
  184  10:44  SCV  
  184  10:48  Marine  
  184  10:49  Marine  
  178  10:50  Marine  
  178  10:51  Marine  
  178  10:54  SCV x2  
  178  10:57  Medivac, Marine x2  
  175  10:58  SCV, Marine  
  175  11:01  Marine x2  
  176  11:05  Marine  
  176  11:07  Widow Mine, Marine  
  176  11:08  Marine  
  176  11:09  SCV, Marine  
  176  11:10  SCV  
  184  11:11  Medivac  
  184  11:12  SCV  
  184  11:13  Missile Turret, SCV  
  188  11:20  Marine  
  188  11:28  Drilling Claws, Medivac, SCV x2, Marine x4  
  196  11:34  Command Center, Supply Depot  
  196  11:40  Missile Turret  
  196  11:49  Terran Infantry Weapons Level 3  
  196  11:55  Marine  
  196  11:56  Marauder, SCV, Marine  
  200  12:02  Marine  
  200  12:11  Widow Mine, Marine  
  200  12:12  Marine x3  
  200  12:17  SCV  
  200  12:18  Widow Mine  
  187  12:26  Marine  
  187  12:27  Marauder, Marine  
  176  12:33  Widow Mine  
  148  12:37  Marine  
  148  12:38  Marine x3  
  148  12:39  SCV x2, Widow Mine  
  148  12:41  SCV  
  151  12:46  Marine  
  151  12:47  Marine x3  
  151  12:48  Marauder  
  151  12:51  SCV  
  155  12:54  Widow Mine  
  155  12:55  Marine x3  
  155  12:56  Marine  
  158  13:01  Widow Mine  
  158  13:04  Marine x2  
  158  13:05  Marine  
  139  13:10  Marine x2  
  125  13:13  Marine x4  
  125  13:14  SCV x2  
  125  13:15  Widow Mine  
  125  13:19  SCV  
  115  13:22  Marine x2  
  115  13:23  Marine  
  115  13:25  Orbital Command  
  117  13:28  Marine x2  
  117  13:31  SCV, Marine x4  
  124  13:34  Factory Tech Lab, SCV  
  124  13:36  SCV, Thor  
  124  13:37  SCV  
  124  13:39  Missile Turret  
  124  13:40  Marine x3  
  136  13:44  SCV  
  136  13:46  Missile Turret, SCV, Marine x2  
  141  13:48  SCV  
  141  13:49  Marine x4  
  141  13:53  SCV  
  146  13:58  Marine x3  
  145  14:03  SCV, Widow Mine, Marine  
  145  14:04  Marine  
  145  14:07  Marine x4  
  152  14:10  Missile Turret  
  152  14:11  Missile Turret  
  152  14:15  Marine  
  152  14:20  Widow Mine  
  152  14:22  Marine  
  119  14:25  Widow Mine  
  119  14:27  Marine x2  
  119  14:29  Marine x2  
  107  14:35  Marine  
  107  14:37  Marine x3  
  104  14:40  Marine  
  104  14:41  Widow Mine  
  104  14:45  Marine  
  106  15:03  Orbital Command  
  94  15:07  Marine  
  94  15:08  Marine  
  94  15:09  Marine x2  
  94  15:10  Marine  
  94  15:17  Marine  
  84  15:25  Widow Mine, Marine  
  84  15:26  Marine  
  84  15:27  Marine  
  80  15:30  Marine  
  80  15:32  Widow Mine  
  63  15:43  Marine  
  63  15:46  Marine x3  
Show
View Real Time Build Order
Export as new Build Order

Serral Zerg - Winner!

Build Orders: Hatch First, Muta Ling Bane 

Get SALT Encoding   

  12  0:00  Drone  
  13  0:12  Overlord  
  13  0:16  Drone  
  14  0:30  Drone x2  
  16  0:46  Hatchery  
  15  0:50  Drone  
  15  0:54  Drone  
  17  0:57  Drone  
  18  1:08  Extractor  
  17  1:12  Spawning Pool  
  17  1:15  Drone  
  17  1:18  Drone  
  18  1:28  Drone  
  19  1:38  Drone  
  20  1:49  Overlord  
  20  1:58  Queen x2  
  20  1:59  Zergling x2  
  20  2:00  Zergling x2  
  26  2:09  Drone  
  26  2:10  Drone  
  26  2:12  Metabolic Boost  
  28  2:20  Drone  
  28  2:22  Drone  
  30  2:34  Hatchery  
  29  2:38  Drone x2  
  31  2:46  Queen  
  31  2:49  Overlord  
  33  2:52  Drone  
  33  2:54  Drone  
  33  2:56  Drone  
  36  3:08  Drone x2  
  36  3:09  Drone x2, Overlord  
  40  3:14  Drone  
  40  3:17  Drone  
  42  3:21  Queen  
  42  3:26  Roach Warren  
  43  3:28  Drone, Extractor  
  43  3:30  Drone  
  44  3:36  Drone  
  44  3:41  Drone x3  
  48  3:46  Drone x2  
  48  3:47  Drone  
  50  3:54  Extractor, Overlord  
  50  3:55  Zergling x4  
  51  4:04  Overlord  
  51  4:08  Roach x3  
  57  4:13  Roach x2  
  65  4:17  Roach x2  
  65  4:18  Overlord  
  65  4:19  Overlord  
  65  4:24  Roach x2  
  69  4:30  Ravager x2  
  71  4:32  Overlord  
  71  4:34  Zergling x2  
  71  4:35  Spore Crawler  
  71  4:40  Zergling x8  
  71  4:43  Ravager  
  76  4:48  Drone x3  
  76  4:50  Drone x2  
  80  4:52  Drone  
  80  4:53  Drone  
  80  4:57  Drone x2  
  80  4:59  Drone x2  
  85  5:05  Lair  
  86  5:07  Drone  
  86  5:08  Drone  
  86  5:12  Drone  
  86  5:13  Drone  
  89  5:14  Drone x2  
  89  5:16  Drone  
  89  5:20  Spore Crawler  
  91  5:22  Spore Crawler  
  91  5:23  Drone  
  91  5:26  Evolution Chamber  
  89  5:31  Drone x3  
  89  5:32  Drone x3  
  89  5:33  Spore Crawler  
  95  5:37  Drone x2, Baneling Nest  
  95  5:41  Drone x2  
  98  5:44  Overlord  
  98  5:46  Overlord  
  98  5:48  Overlord x2  
  98  5:51  Overlord  
  98  5:56  Extractor  
  96  5:57  Spore Crawler  
  96  6:01  Drone x5  
  96  6:04  Overseer  
  94  6:07  Drone x4  
  95  6:11  Drone x4  
  95  6:15  Drone x2  
  98  6:20  Drone  
  98  6:23  Drone  
  98  6:26  Extractor  
  98  6:27  Evolution Chamber x2, Extractor  
  91  6:34  Evolution Chamber  
  91  6:36  Drone  
  91  6:37  Drone, Hatchery  
  91  6:38  Zergling x10  
  92  6:45  Drone  
  93  6:52  Spire  
  92  6:55  Zerg Ground Armor Level 1, Centrifical Hooks, Zerg Melee Weapons Level 1  
  92  7:01  Drone  
  93  7:05  Zergling x16  
  93  7:08  Pneumatized Carapace  
  101  7:09  Overlord  
  101  7:11  Overlord  
  101  7:13  Zergling x6  
  104  7:18  Ravager x5  
  104  7:21  Overlord  
  104  7:22  Zergling x2  
  110  7:28  Zergling x8  
  110  7:29  Zergling x10  
  118  7:38  Zergling x8  
  118  7:42  Overlord  
  122  7:50  Baneling x4  
  122  7:51  Baneling x4  
  122  7:52  Queen  
  122  7:53  Drone x2  
  122  7:54  Drone x2  
  128  7:58  Baneling  
  128  7:59  Baneling x4  
  128  8:03  Mutalisk x5  
  136  8:12  Drone x2  
  136  8:13  Drone  
  136  8:19  Mutalisk x2  
  136  8:21  Zergling x2  
  136  8:22  Zergling x10  
  138  8:29  Mutalisk x2  
  138  8:33  Drone x3  
  138  8:34  Drone  
  146  8:35  Extractor  
  146  8:40  Zergling x2  
  146  8:41  Zergling x14  
  148  8:43  Baneling x4  
  148  8:45  Zergling x2  
  148  8:46  Zergling x4  
  148  8:48  Baneling x4  
  151  8:51  Zerg Flyer Weapons Level 1  
  151  8:57  Mutalisk  
  151  8:59  Drone x2, Overlord  
  151  9:01  Zergling x4  
  157  9:06  Baneling x2  
  157  9:07  Mutalisk x2  
  161  9:11  Overlord  
  161  9:15  Mutalisk  
  161  9:16  Hatchery  
  162  9:18  Zergling x16  
  162  9:22  Zergling x8  
  174  9:32  Overlord  
  174  9:34  Overlord  
  174  9:35  Zerg Melee Weapons Level 2, Zerg Ground Armor Level 2, Overlord  
  174  9:36  Overlord  
  172  9:45  Zergling x12  
  174  9:53  Zergling x18  
  174  9:54  Hatchery  
  174  9:56  Drone x4  
  174  9:59  Overseer  
  186  10:03  Baneling x8  
  186  10:06  Baneling x2, Mutalisk x2  
  190  10:08  Overseer  
  190  10:13  Mutalisk x2  
  194  10:20  Infestation Pit  
  193  10:21  Drone  
  193  10:22  Drone x5  
  199  10:31  Hatchery  
  199  10:32  Overlord  
  199  10:34  Overlord  
  193  10:45  Zergling x20  
  195  10:56  Mutalisk x5  
  189  11:00  Zergling x2  
  189  11:01  Zergling x20  
  197  11:09  Zerg Flyer Weapons Level 2  
  197  11:11  Baneling x8  
  190  11:13  Zergling x10  
  190  11:18  Hive  
  195  11:19  Zergling x8, Hatchery  
  198  11:26  Overlord  
  198  11:34  Drone  
  196  11:58  Zergling x10  
  199  12:02  Baneling x7, Hatchery  
  193  12:09  Burrow  
  193  12:11  Zergling x16  
  199  12:17  Zergling x8  
  199  12:20  Overlord, Baneling x6  
  196  12:26  Overlord  
  196  12:28  Zergling x22  
  199  12:32  Zerg Ground Armor Level 3  
  199  12:36  Zergling x20  
  188  12:38  Baneling x19  
  186  12:48  Zergling x12  
  186  12:50  Baneling x12  
  190  12:53  Zergling x2  
  190  12:58  Baneling x7  
  184  13:01  Zergling x10  
  184  13:02  Zergling x12  
  179  13:06  Zergling x4  
  179  13:09  Zergling x2  
  179  13:10  Zergling x4  
  170  13:17  Mutalisk x4  
  170  13:18  Drone x3  
  166  13:24  Drone x3  
  166  13:26  Zergling x8  
  173  13:28  Adrenal Glands  
  173  13:32  Baneling x10  
  172  13:42  Zergling x20  
  172  13:48  Zergling x8  
  181  13:56  Zergling x2  
  181  13:57  Zergling x10  
  183  14:03  Baneling x23  
  183  14:04  Hatchery  
  183  14:05  Zergling x8  
  185  14:10  Zergling x2  
  185  14:11  Zergling x6  
  187  14:23  Zergling x18  
  187  14:24  Zergling x2  
  176  14:26  Overseer  
  176  14:31  Zergling x12  
  145  14:39  Zergling x2  
  145  14:40  Zergling x12  
  145  14:44  Baneling x15  
  145  14:45  Baneling x7  
  150  14:47  Zergling x4  
  152  15:00  Hatchery  
  152  15:03  Zergling x14  
  152  15:04  Zergling x4  
  158  15:07  Zergling x4  
  156  15:14  Baneling x2  
  156  15:21  Zergling x8  
  155  15:23  Baneling x8  
  143  15:30  Baneling x2  
  143  15:31  Zergling x12  
  143  15:32  Baneling x6  
  143  15:33  Baneling x3  
  144  15:42  Zergling x8  
  140  15:46  Zergling x6  
  137  15:50  Zergling x2  
  137  15:51  Zergling x6  

Tags
 
Add a new tag
Caveats
  • Supply blocks, unpowered buildings, or Contaminate may cause inaccurate times.
  • Supply counts are checked every 10 seconds.